![]() |
![]() |
![]() |
html PUBLIC "-//W3C//DTD XHTML 1.0 Transitional//EN" "http://www.w3.org/TR/xhtml1/DTD/xhtml1-transitional.dtd">
NORTH DAKOTA HAWKS vs CALGARY FIREMENCreated - 2 février 2025 at 08:58
1st period
1. CALGARY FIREMEN , Martin Fehervary 4 (Michael McCarron 6, Jack Drury 7) at 5:52
Penalties :
Garnet Hathaway (NDH) for Hooking (Minor) at 1:08
2nd period
2. CALGARY FIREMEN , Ryan Johansen 6 (Isac Lundestrom 8, Martin Fehervary 9) at 11:19
Penalties :
Ben Hutton (NDH) for Slashing (Double Minor) at 5:13, Jake McCabe (CGY) for Roughing (Minor) at 15:19
3rd period
3. NORTH DAKOTA HAWKS , Jonas Siegenthaler 2 (Jason Robertson 26, Jack Hughes 29) at 18:42
4. CALGARY FIREMEN , Andrew Copp 16 (Mason Marchment 20, Calle Jarnkrok 9) at 19:28 (Empty Net) Penalties :
Garnet Hathaway (NDH) for Interference (Minor) at 8:22, Jack Drury (CGY) for Hooking (Minor) at 13:26, Michael McCarron (CGY) for Tripping (Minor) at 19:37
Goalie StatsLinus Ullmark (NDH), 20 saves from 22 shots - (0,909), L, 18-11-5, 59:33 minutes
Marc-Andre Fleury (CGY), 27 saves from 28 shots - (0,964), W, 14-19-5, 60:00 minutes
Players Stats for NORTH DAKOTA HAWKSPlayer Name G A P +/- PIM S H SB GA TA FO MP PP MP PK MP ------------------------------------------------------------------------------------ Beck Malenstyn 0 0 0 0 0 0 4 0 0 0 0/1 9:58 0:00 0:10 Ben Hutton 0 0 0 -1 4 0 1 0 0 0 0/0 16:53 1:25 2:00 Cale Makar 0 0 0 -1 0 2 1 1 0 0 0/0 24:06 2:22 1:53 Frederick Gaudreau 0 0 0 0 0 0 0 1 0 0 6/11 13:27 2:06 3:28 Garnet Hathaway 0 0 0 0 4 0 0 0 0 0 0/0 7:51 0:00 0:00 Jack Hughes 0 1 1 -2 0 3 1 0 0 0 8/21 15:03 0:00 0:10 Jacob Bernard-Docker 0 0 0 0 0 0 0 0 0 0 0/0 20:41 0:33 3:19 Jake DeBrusk 0 0 0 0 0 3 0 0 0 0 0/3 17:23 2:14 0:00 Jason Robertson 0 1 1 -2 0 0 1 0 0 0 0/0 20:27 2:06 3:28 Jonas Siegenthaler 1 0 1 -1 0 2 1 0 0 0 0/0 22:54 1:25 4:04 Justin Danforth 0 0 0 0 0 4 0 0 0 0 0/0 9:48 0:00 0:00 Nick Suzuki 0 0 0 0 0 7 1 0 0 0 7/20 21:42 2:14 4:19 Nico Sturm 0 0 0 0 0 2 1 0 0 0 12/19 16:13 2:06 4:19 Oliver Kylington 0 0 0 -1 0 0 0 2 0 0 0/0 11:13 0:00 0:10 Reyley Smith 0 0 0 0 0 2 4 0 0 0 0/1 17:23 2:14 0:00 Ryan Hartman 0 0 0 0 0 3 0 0 0 0 0/1 7:53 0:00 0:00 Ryan Lindgren 0 0 0 0 0 0 4 0 0 0 0/0 24:12 2:55 4:28 Tomas Nosek 0 0 0 -2 0 0 0 0 0 0 0/0 14:53 0:00 0:00 Players Stats for CALGARY FIREMENPlayer Name G A P +/- PIM S H SB GA TA FO MP PP MP PK MP ------------------------------------------------------------------------------------ Andrew Copp 1 0 1 1 0 3 0 1 0 0 13/19 13:36 0:02 1:12 Brett Howden 0 0 0 0 0 0 0 0 0 0 6/9 6:17 0:00 0:11 Calle Jarnkrok 0 1 1 1 0 1 0 0 0 0 1/2 17:36 3:49 1:25 Cody Glass 0 0 0 0 0 0 1 0 0 0 0/1 8:00 1:10 0:00 Gustav Lindstrom 0 0 0 2 0 0 2 2 0 0 0/0 15:04 0:00 1:11 Isac Lundestrom 0 1 1 1 0 0 0 0 0 0 0/0 15:25 0:00 0:00 Jack Drury 0 1 1 0 2 1 0 0 0 0 16/28 19:32 4:06 1:37 Jacob Bryson 0 0 0 0 0 0 0 0 0 0 0/0 4:30 0:00 0:00 Jake McCabe 0 0 0 1 2 1 0 2 0 0 0/0 24:48 4:16 1:15 Jared Spurgeon 0 0 0 1 0 0 0 3 0 0 0/0 21:32 4:18 2:26 Martin Fehervary 1 1 2 2 0 2 0 1 0 0 0/0 13:55 0:02 0:00 Mason Marchment 0 1 1 1 0 6 3 0 0 0 0/0 22:30 3:49 1:20 Michael McCarron 0 1 1 0 2 2 2 0 0 0 0/0 18:32 3:36 0:00 Rasmus Sandin 0 0 0 -1 0 1 1 2 0 0 0/0 20:05 3:39 1:54 Ryan Graves 0 0 0 -1 0 0 0 1 0 0 0/0 20:05 3:39 1:54 Ryan Johansen 1 0 1 1 0 4 1 0 0 0 8/17 20:47 3:11 2:55 Tyler Johnson 0 0 0 1 0 2 0 0 0 0 0/1 15:25 0:00 0:00 Yakov Trenin 0 0 0 0 0 0 1 0 0 0 0/0 17:58 4:08 0:00 3 Stars
1 - Martin Fehervary (CGY)
2 - Marc-Andre Fleury (CGY) 3 - Ryan Johansen (CGY) Power PlayNORTH DAKOTA HAWKS - 0 on 3 Attempt(s) - 0,00%
CALGARY FIREMEN - 0 on 4 Attempt(s) - 0,00%
Penalty KillNORTH DAKOTA HAWKS - 4 on 4 Attempt(s) - 100,00%
- Score 0 goal in Penalty Kill
CALGARY FIREMEN - 3 on 3 Attempt(s) - 100,00%
- Score 0 goal in Penalty Kill
Team StatNORTH DAKOTA HAWKS - Hits : 19 - Faceoff Wins : 33 - Blocked Shots : 4 - Penalty Minutes : 8
CALGARY FIREMEN - Hits : 11 - Faceoff Wins : 44 - Blocked Shots : 12 - Penalty Minutes : 6
Official
Referees : Mike Campbell and Chris Rooney
Linesman : Brent Hooks and Darren Gibbs Game Notes
Andrew Copp has scored in a empty net!
FinanceLevel 1 -- Attendance: 6000 (100,00%) -- Ticket Income 870 000 $Level 2 -- Attendance: 5000 (100,00%) -- Ticket Income 550 000 $ Level 3 -- Attendance: 2854 (95,13%) -- Ticket Income 171 240 $ Level 4 -- Attendance: 4920 (98,40%) -- Ticket Income 290 280 $ Luxury Box -- Attendance: 1000 (100,00%) -- Ticket Income 290 000 $ Game was played at the Larouche Stadium. Total Attendance: 19774 (98,87%) Total Ticket Income: 2 171 520 $ Other Expense: 21 715 $ Total Income: 2 149 805 $ NORTH DAKOTA HAWKS5 vs 5 Forward Center Left Wing Right Wing Time % Phy DF OF 1 Jack Hughes Jason Robertson Tomas Nosek 34 0 2 3 2 Nick Suzuki Jake DeBrusk Reyley Smith 33 0 2 3 3 Nico Sturm Beck Malenstyn Justin Danforth 20 0 4 1 4 Frederick Gaudreau Garnet Hathaway Ryan Hartman 13 0 5 0 5 vs 5 Defense Defense Defense Time % Phy DF OF 1 Jonas Siegenthaler Cale Makar 40 0 4 1 2 Ryan Lindgren Jacob Bernard-Docker 37 0 5 0 3 Ben Hutton Oliver Kylington 12 0 5 0 4 Ben Hutton Cale Makar 11 0 5 0 PowerPlay Forward Center Left Wing Right Wing Time % Phy DF OF 1 Nick Suzuki Jake DeBrusk Reyley Smith 65 1 0 4 2 Frederick Gaudreau Jason Robertson Nico Sturm 35 1 0 4 PowerPlay Defense Defense Defense Time % Phy DF OF 1 Ryan Lindgren Cale Makar 65 0 0 5 2 Jonas Siegenthaler Ben Hutton 35 0 0 5 Penalty Kill 4 Players Forward Center Wing Time % Phy DF OF 1 Nico Sturm Nick Suzuki 55 0 4 1 2 Frederick Gaudreau Jason Robertson 45 0 4 1 Penalty Kill 4 Players Defense Defense Defense Time % Phy DF OF 1 Ryan Lindgren Ben Hutton 55 0 5 0 2 Jonas Siegenthaler Jacob Bernard-Docker 45 0 5 0 Penalty Kill - 3 Players Forward Forward Time % Phy DF OF 1 Nico Sturm 55 0 5 0 2 Frederick Gaudreau 45 0 5 0 Penalty Kill - 3 Players Defense Defense Defense Time % Phy DF OF 1 Ryan Lindgren Cale Makar 55 0 5 0 2 Jonas Siegenthaler Ben Hutton 45 0 5 0 4 vs 4 Forward Center Wing Time % Phy DF OF 1 Nico Sturm Jason Robertson 55 0 1 4 2 Nick Suzuki Jake DeBrusk 45 0 1 4 4 vs 4 Defense Defense Defense Time % Phy DF OF 1 Jonas Siegenthaler Cale Makar 55 0 1 4 2 Ryan Lindgren Ben Hutton 45 0 4 1 Last Minutes Offensive Center Left Wing Right Wing Defense Defense Jack Hughes Jason Robertson Tomas Nosek Jonas Siegenthaler Cale Makar Last Minutes Defensive Center Left Wing Right Wing Defense Defense Nick Suzuki Jake DeBrusk Reyley Smith Jonas Siegenthaler Cale Makar Goaltenders Starting : Linus Ullmark Backup : Scott Wedgewood Extra Forwards Normal : Jason Robertson, Nico Sturm, Jake DeBrusk - PP : Nick Suzuki, Nico Sturm - PK : Jason Robertson Extra Defensemen Normal : Ben Hutton, Ryan Lindgren, Jonas Siegenthaler - PP : Ryan Lindgren - PK : Ryan Lindgren, Jonas Siegenthaler Penalty Shots Nico Sturm, Jason Robertson, Nick Suzuki, Jake DeBrusk, Reyley Smith Custom OT Lines Forwards Jason Robertson, Jack Hughes, Nick Suzuki, Jake DeBrusk, Reyley Smith, Frederick Gaudreau, Tomas Nosek, Beck Malenstyn, Justin Danforth, Nico Sturm Custom OT Lines Defensemen Cale Makar, Jonas Siegenthaler, Ryan Lindgren, Jacob Bernard-Docker, Ben Hutton Scratches None CALGARY FIREMEN5 vs 5 Forward Center Left Wing Right Wing Time % Phy DF OF 1 Andrew Copp Mason Marchment Calle Jarnkrok 36 1 2 2 2 Jack Drury Yakov Trenin Michael McCarron 31 1 2 2 3 Ryan Johansen Isac Lundestrom Tyler Johnson 23 1 2 2 4 Brett Howden Cody Glass Mason Marchment 10 1 2 2 5 vs 5 Defense Defense Defense Time % Phy DF OF 1 Jake McCabe Jared Spurgeon 36 1 2 2 2 Rasmus Sandin Ryan Graves 31 1 2 2 3 Martin Fehervary Gustav Lindstrom 23 1 2 2 4 Jacob Bryson Jake McCabe 10 1 2 2 PowerPlay Forward Center Left Wing Right Wing Time % Phy DF OF 1 Ryan Johansen Mason Marchment Calle Jarnkrok 55 1 2 2 2 Jack Drury Yakov Trenin Michael McCarron 45 1 2 2 PowerPlay Defense Defense Defense Time % Phy DF OF 1 Jake McCabe Jared Spurgeon 55 1 2 2 2 Rasmus Sandin Ryan Graves 45 1 2 2 Penalty Kill 4 Players Forward Center Wing Time % Phy DF OF 1 Jack Drury Ryan Johansen 55 1 2 2 2 Mason Marchment Calle Jarnkrok 45 1 2 2 Penalty Kill 4 Players Defense Defense Defense Time % Phy DF OF 1 Jake McCabe Jared Spurgeon 55 1 2 2 2 Rasmus Sandin Ryan Graves 45 1 2 2 Penalty Kill - 3 Players Forward Forward Time % Phy DF OF 1 Calle Jarnkrok 55 1 2 2 2 Mason Marchment 45 1 2 2 Penalty Kill - 3 Players Defense Defense Defense Time % Phy DF OF 1 Jake McCabe Jared Spurgeon 55 1 2 2 2 Rasmus Sandin Ryan Graves 45 1 2 2 4 vs 4 Forward Center Wing Time % Phy DF OF 1 Cody Glass Ryan Johansen 55 1 2 2 2 Mason Marchment Calle Jarnkrok 45 1 2 2 4 vs 4 Defense Defense Defense Time % Phy DF OF 1 Jake McCabe Jared Spurgeon 55 1 2 2 2 Rasmus Sandin Ryan Graves 45 1 2 2 Last Minutes Offensive Center Left Wing Right Wing Defense Defense Andrew Copp Mason Marchment Calle Jarnkrok Jake McCabe Jared Spurgeon Last Minutes Defensive Center Left Wing Right Wing Defense Defense Andrew Copp Mason Marchment Calle Jarnkrok Jake McCabe Jared Spurgeon Goaltenders Starting : Marc-Andre Fleury Backup : Samuel Ersson Extra Forwards Normal : Jack Drury, Cody Glass, Ryan Johansen - PP : Jack Drury, Cody Glass - PK : Ryan Johansen Extra Defensemen Normal : Martin Fehervary, Gustav Lindstrom, Jacob Bryson - PP : Martin Fehervary - PK : Gustav Lindstrom, Jacob Bryson Penalty Shots Jack Drury, Cody Glass, Mason Marchment, Calle Jarnkrok, Ryan Johansen Custom OT Lines Forwards Andrew Copp, Cody Glass, Mason Marchment, Calle Jarnkrok, Ryan Johansen, Brett Howden, Michael McCarron, Yakov Trenin, Jack Drury, Isac Lundestrom Custom OT Lines Defensemen Jake McCabe, Jared Spurgeon, Rasmus Sandin, Ryan Graves, Martin Fehervary Scratches Evgeny Kuznetsov (Broken Ribs Injury), Liam Foudy (Healthy), Kieffer Bellows (Healthy)
Play-by-Play1st period0:01 of 1st period - Andrew Copp wins face-off versus Jack Hughes in neutral zone. 0:28 of 1st period - Shot by Jack Hughes. 0:28 of 1st period - Stopped by Marc-Andre Fleury without a rebound. 0:29 of 1st period - Jack Drury wins face-off versus Jake DeBrusk in CALGARY FIREMEN zone. 0:29 of 1st period - Jack Drury is hit by Reyley Smith. 0:45 of 1st period - Shot by Nick Suzuki. 0:45 of 1st period - Shot Misses the Net. 0:47 of 1st period - Shot by Nick Suzuki. 0:47 of 1st period - Stopped by Marc-Andre Fleury without a rebound. 0:48 of 1st period - Nico Sturm wins face-off versus Ryan Johansen in CALGARY FIREMEN zone. 1:05 of 1st period - Shot by Justin Danforth. 1:05 of 1st period - Stopped by Marc-Andre Fleury without a rebound. 1:06 of 1st period - Brett Howden wins face-off versus Frederick Gaudreau in CALGARY FIREMEN zone. 1:08 of 1st period - Minor Penalty to Garnet Hathaway for Hooking. 1:09 of 1st period - Nico Sturm wins face-off versus Ryan Johansen in NORTH DAKOTA HAWKS zone. 1:15 of 1st period - Icing by Jared Spurgeon. 1:16 of 1st period - Ryan Johansen wins face-off versus Nico Sturm in CALGARY FIREMEN zone. 1:34 of 1st period - Shot by Ryan Johansen. 1:34 of 1st period - Stopped by Linus Ullmark with a rebound. 2:34 of 1st period - Shot by Rasmus Sandin. 2:34 of 1st period - Stopped by Linus Ullmark without a rebound. 2:35 of 1st period - Nico Sturm wins face-off versus Jack Drury in NORTH DAKOTA HAWKS zone. 2:53 of 1st period - Shot by Michael McCarron. 2:53 of 1st period - Shot Misses the Net. 3:19 of 1st period - Shot by Jason Robertson. 3:19 of 1st period - Shot Misses the Net. 3:21 of 1st period - Shot by Ben Hutton. 3:21 of 1st period - Shot Misses the Net. 3:23 of 1st period - Shot by Tomas Nosek. 3:23 of 1st period - Shot Blocked by Gustav Lindstrom. 3:33 of 1st period - Shot by Jack Hughes. 3:33 of 1st period - Stopped by Marc-Andre Fleury without a rebound. 3:34 of 1st period - Frederick Gaudreau wins face-off versus Ryan Johansen in CALGARY FIREMEN zone. 3:52 of 1st period - Tyler Johnson is hit by Ryan Lindgren and loses puck. 4:14 of 1st period - Icing by Jake McCabe. 4:15 of 1st period - Ryan Johansen wins face-off versus Nick Suzuki in CALGARY FIREMEN zone. 4:17 of 1st period - Icing by Jake McCabe. 4:18 of 1st period - Ryan Johansen wins face-off versus Nick Suzuki in CALGARY FIREMEN zone. 4:34 of 1st period - Icing by Cale Makar. 4:35 of 1st period - Andrew Copp wins face-off versus Jake DeBrusk in NORTH DAKOTA HAWKS zone. 5:46 of 1st period - Shot by Michael McCarron. 5:46 of 1st period - Shot Blocked by Oliver Kylington. 5:48 of 1st period - Shot by Martin Fehervary. 5:48 of 1st period - Stopped by Linus Ullmark with a rebound. 5:50 of 1st period - Shot by Michael McCarron. 5:50 of 1st period - Shot Misses the Net. 5:52 of 1st period - Shot by Martin Fehervary. 5:52 of 1st period - Goal by Martin Fehervary - NORTH DAKOTA HAWKS : 0 - CALGARY FIREMEN : 1. 5:53 of 1st period - Nico Sturm wins face-off versus Ryan Johansen in neutral zone. 5:56 of 1st period - Jake McCabe is hit by Beck Malenstyn and loses puck. 6:32 of 1st period - Tyler Johnson is hit by Ryan Lindgren and loses puck. 7:15 of 1st period - Shot by Michael McCarron. 7:15 of 1st period - Stopped by Linus Ullmark without a rebound. 7:16 of 1st period - Andrew Copp wins face-off versus Jack Hughes in NORTH DAKOTA HAWKS zone. 7:52 of 1st period - Shot by Andrew Copp. 7:52 of 1st period - Shot Misses the Net. 7:54 of 1st period - Shot by Calle Jarnkrok. 7:54 of 1st period - Shot Misses the Net. 7:56 of 1st period - Shot by Calle Jarnkrok. 7:56 of 1st period - Shot Misses the Net. 7:58 of 1st period - Shot by Ryan Graves. 7:58 of 1st period - Shot Misses the Net. 8:20 of 1st period - Shot by Jake DeBrusk. 8:20 of 1st period - Stopped by Marc-Andre Fleury without a rebound. 8:21 of 1st period - Jack Drury wins face-off versus Nick Suzuki in CALGARY FIREMEN zone. 8:21 of 1st period - Jack Drury is hit by Reyley Smith. 9:11 of 1st period - Jake McCabe is hit by Reyley Smith and loses puck. 10:07 of 1st period - Jake McCabe is hit by Beck Malenstyn and loses puck. 10:49 of 1st period - Icing by Ryan Lindgren. 10:50 of 1st period - Andrew Copp wins face-off versus Nico Sturm in NORTH DAKOTA HAWKS zone. 11:20 of 1st period - Off-side. 11:21 of 1st period - Jack Hughes wins face-off versus Jack Drury in neutral zone. 11:35 of 1st period - Off-side. 11:36 of 1st period - Nick Suzuki wins face-off versus Brett Howden in neutral zone. 11:41 of 1st period - Shot by Nick Suzuki. 11:41 of 1st period - Shot Hit the Post. 12:07 of 1st period - Shot by Nick Suzuki. 12:07 of 1st period - Stopped by Marc-Andre Fleury without a rebound. 12:08 of 1st period - Jack Drury wins face-off versus Jack Hughes in CALGARY FIREMEN zone. 12:08 of 1st period - Jack Drury is hit by Jason Robertson. 13:42 of 1st period - Shot by Ryan Johansen. 13:42 of 1st period - Shot Blocked by Oliver Kylington. 14:02 of 1st period - Shot by Tyler Johnson. 14:02 of 1st period - Stopped by Linus Ullmark without a rebound. 14:03 of 1st period - Jack Drury wins face-off versus Ryan Hartman in NORTH DAKOTA HAWKS zone. 15:15 of 1st period - Shot by Cale Makar. 15:15 of 1st period - Shot Blocked by Gustav Lindstrom. 15:17 of 1st period - Shot by Beck Malenstyn. 15:17 of 1st period - Shot Misses the Net. 15:19 of 1st period - Shot by Jonas Siegenthaler. 15:19 of 1st period - Stopped by Marc-Andre Fleury with a rebound. 15:21 of 1st period - Shot by Jonas Siegenthaler. 15:21 of 1st period - Shot Misses the Net. 15:44 of 1st period - Shot by Jason Robertson. 15:44 of 1st period - Shot Misses the Net. 15:49 of 1st period - Icing by Michael McCarron. 15:50 of 1st period - Nick Suzuki wins face-off versus Jack Drury in CALGARY FIREMEN zone. 15:53 of 1st period - Shot by Jake DeBrusk. 15:53 of 1st period - Stopped by Marc-Andre Fleury without a rebound. 15:54 of 1st period - Andrew Copp wins face-off versus Nick Suzuki in CALGARY FIREMEN zone. 16:09 of 1st period - Shot by Jake DeBrusk. 16:09 of 1st period - Stopped by Marc-Andre Fleury without a rebound. 16:10 of 1st period - Jack Hughes wins face-off versus Tyler Johnson in CALGARY FIREMEN zone. 17:24 of 1st period - Shot by Jake DeBrusk. 17:24 of 1st period - Shot Blocked by Rasmus Sandin. 18:02 of 1st period - Shot by Frederick Gaudreau. 18:02 of 1st period - Shot Blocked by Jared Spurgeon. 18:04 of 1st period - Shot by Ryan Hartman. 18:04 of 1st period - Stopped by Marc-Andre Fleury without a rebound. 18:05 of 1st period - Nico Sturm wins face-off versus Brett Howden in CALGARY FIREMEN zone. 18:20 of 1st period - Shot by Cale Makar. 18:20 of 1st period - Stopped by Marc-Andre Fleury with a rebound. 18:30 of 1st period - Shot by Brett Howden. 18:30 of 1st period - Shot Misses the Net. 19:48 of 1st period - Michael McCarron is hit by Reyley Smith and loses puck. Goals for this period are 0 for NORTH DAKOTA HAWKS vs 1 for CALGARY FIREMEN. Shots for this period are 11 for NORTH DAKOTA HAWKS vs 6 for CALGARY FIREMEN. 2nd period0:01 of 2nd period - Jack Hughes wins face-off versus Andrew Copp in neutral zone. 0:35 of 2nd period - Shot by Mason Marchment. 0:35 of 2nd period - Shot Misses the Net. 1:31 of 2nd period - Shot by Nick Suzuki. 1:31 of 2nd period - Shot Misses the Net. 2:00 of 2nd period - Shot by Ryan Hartman. 2:00 of 2nd period - Shot Misses the Net. 2:14 of 2nd period - Oliver Kylington is hit by Michael McCarron and loses puck. 3:24 of 2nd period - Shot by Justin Danforth. 3:24 of 2nd period - Stopped by Marc-Andre Fleury without a rebound. 3:25 of 2nd period - Brett Howden wins face-off versus Jack Hughes in CALGARY FIREMEN zone. 3:31 of 2nd period - Ryan Graves is hit by Jack Hughes. 3:39 of 2nd period - Shot by Jack Hughes. 3:39 of 2nd period - Shot Misses the Net. 4:55 of 2nd period - Shot by Nick Suzuki. 4:55 of 2nd period - Stopped by Marc-Andre Fleury without a rebound. 4:56 of 2nd period - Andrew Copp wins face-off versus Nico Sturm in CALGARY FIREMEN zone. 4:56 of 2nd period - Andrew Copp is hit by Beck Malenstyn. 5:13 of 2nd period - Double Minor Penalty to Ben Hutton for Slashing. 5:14 of 2nd period - Ryan Johansen wins face-off versus Nico Sturm in NORTH DAKOTA HAWKS zone. 5:39 of 2nd period - Shot by Ryan Johansen. 5:39 of 2nd period - Stopped by Linus Ullmark without a rebound. 5:40 of 2nd period - Nico Sturm wins face-off versus Jack Drury in NORTH DAKOTA HAWKS zone. 5:54 of 2nd period - Icing by Jared Spurgeon. 5:55 of 2nd period - Jack Drury wins face-off versus Nico Sturm in CALGARY FIREMEN zone. 6:09 of 2nd period - Off-side. 6:10 of 2nd period - Nico Sturm wins face-off versus Ryan Johansen in neutral zone. 6:13 of 2nd period - Shot by Nico Sturm. 6:13 of 2nd period - Stopped by Marc-Andre Fleury with a rebound. 6:36 of 2nd period - Off-side. 6:37 of 2nd period - Nico Sturm wins face-off versus Jack Drury in neutral zone. 6:45 of 2nd period - Yakov Trenin is hit by Nico Sturm and loses puck. 7:00 of 2nd period - Shot by Jared Spurgeon. 7:00 of 2nd period - Shot Misses the Net. 7:34 of 2nd period - Shot by Mason Marchment. 7:34 of 2nd period - Stopped by Linus Ullmark with a rebound. 7:36 of 2nd period - Shot by Ryan Graves. 7:36 of 2nd period - Shot Hit the Post. 9:16 of 2nd period - Jake DeBrusk is hit by Cody Glass and loses puck. 9:59 of 2nd period - Icing by Oliver Kylington. 10:00 of 2nd period - Jack Drury wins face-off versus Nick Suzuki in NORTH DAKOTA HAWKS zone. 10:51 of 2nd period - Calle Jarnkrok is hit by Jonas Siegenthaler and loses puck. 10:55 of 2nd period - Icing by Jonas Siegenthaler. 10:56 of 2nd period - Jack Hughes wins face-off versus Ryan Johansen in NORTH DAKOTA HAWKS zone. 11:19 of 2nd period - Shot by Ryan Johansen. 11:19 of 2nd period - Goal by Ryan Johansen - NORTH DAKOTA HAWKS : 0 - CALGARY FIREMEN : 2. 11:20 of 2nd period - Brett Howden wins face-off versus Beck Malenstyn in neutral zone. 11:25 of 2nd period - Shot by Brett Howden. 11:25 of 2nd period - Shot Misses the Net. 11:39 of 2nd period - Shot by Mason Marchment. 11:39 of 2nd period - Stopped by Linus Ullmark without a rebound. 11:40 of 2nd period - Frederick Gaudreau wins face-off versus Ryan Johansen in NORTH DAKOTA HAWKS zone. 11:40 of 2nd period - Frederick Gaudreau is hit by Ryan Johansen. 12:25 of 2nd period - Ryan Hartman is hit by Rasmus Sandin and loses puck. 12:40 of 2nd period - Shot by Jack Hughes. 12:40 of 2nd period - Shot Misses the Net. 13:00 of 2nd period - Shot by Andrew Copp. 13:00 of 2nd period - Stopped by Linus Ullmark without a rebound. 13:01 of 2nd period - Jack Drury wins face-off versus Nico Sturm in NORTH DAKOTA HAWKS zone. 13:01 of 2nd period - Jack Drury is hit by Ben Hutton. 13:47 of 2nd period - Icing by Jake McCabe. 13:48 of 2nd period - Jack Drury wins face-off versus Jack Hughes in CALGARY FIREMEN zone. 14:13 of 2nd period - Shot by Mason Marchment. 14:13 of 2nd period - Stopped by Linus Ullmark without a rebound. 14:14 of 2nd period - Brett Howden wins face-off versus Nick Suzuki in NORTH DAKOTA HAWKS zone. 14:14 of 2nd period - Rasmus Sandin is hit by Cale Makar and loses puck. 14:33 of 2nd period - Shot by Nick Suzuki. 14:33 of 2nd period - Stopped by Marc-Andre Fleury without a rebound. 14:34 of 2nd period - Frederick Gaudreau wins face-off versus Ryan Johansen in CALGARY FIREMEN zone. 14:37 of 2nd period - Shot by Garnet Hathaway. 14:37 of 2nd period - Deflect By Ryan Hartman. 14:37 of 2nd period - Stopped by Marc-Andre Fleury without a rebound. 14:38 of 2nd period - Ryan Johansen wins face-off versus Jack Hughes in CALGARY FIREMEN zone. 15:16 of 2nd period - Shot by Jack Hughes. 15:16 of 2nd period - Deflect By Jason Robertson. 15:16 of 2nd period - Shot Blocked by Jake McCabe. 15:19 of 2nd period - Minor Penalty to Jake McCabe for Roughing. 15:20 of 2nd period - Jack Drury wins face-off versus Nick Suzuki in CALGARY FIREMEN zone. 15:43 of 2nd period - Shot by Cale Makar. 15:43 of 2nd period - Shot Blocked by Ryan Graves. 16:41 of 2nd period - Shot by Frederick Gaudreau. 16:41 of 2nd period - Shot Misses the Net. 17:01 of 2nd period - Shot by Nick Suzuki. 17:01 of 2nd period - Shot Misses the Net. 17:04 of 2nd period - Nick Suzuki is hit by Gustav Lindstrom and loses puck. 17:33 of 2nd period - Shot by Nico Sturm. 17:33 of 2nd period - Shot Misses the Net. 17:37 of 2nd period - Shot by Justin Danforth. 17:37 of 2nd period - Stopped by Marc-Andre Fleury without a rebound. 17:38 of 2nd period - Andrew Copp wins face-off versus Jack Hughes in CALGARY FIREMEN zone. 17:40 of 2nd period - Icing by Calle Jarnkrok. 17:41 of 2nd period - Andrew Copp wins face-off versus Jack Hughes in CALGARY FIREMEN zone. 17:48 of 2nd period - Jonas Siegenthaler is hit by Mason Marchment. 17:56 of 2nd period - Shot by Calle Jarnkrok. 17:56 of 2nd period - Stopped by Linus Ullmark without a rebound. 17:57 of 2nd period - Brett Howden wins face-off versus Frederick Gaudreau in NORTH DAKOTA HAWKS zone. 17:58 of 2nd period - Shot by Mason Marchment. 17:58 of 2nd period - Shot Misses the Net. 18:18 of 2nd period - Shot by Ryan Hartman. 18:18 of 2nd period - Shot Misses the Net. 19:44 of 2nd period - Icing by Ryan Hartman. 19:45 of 2nd period - Ryan Johansen wins face-off versus Frederick Gaudreau in NORTH DAKOTA HAWKS zone. 19:53 of 2nd period - Tyler Johnson is hit by Ryan Lindgren. Goals for this period are 0 for NORTH DAKOTA HAWKS vs 1 for CALGARY FIREMEN. Shots for this period are 6 for NORTH DAKOTA HAWKS vs 7 for CALGARY FIREMEN. 3rd period0:01 of 3rd period - Andrew Copp wins face-off versus Nick Suzuki in neutral zone. 0:52 of 3rd period - Icing by Jake McCabe. 0:53 of 3rd period - Jack Hughes wins face-off versus Andrew Copp in CALGARY FIREMEN zone. 0:56 of 3rd period - Shot by Jason Robertson. 0:56 of 3rd period - Shot Misses the Net. 0:58 of 3rd period - Shot by Jack Hughes. 0:58 of 3rd period - Shot Blocked by Andrew Copp. 1:00 of 3rd period - Shot by Jack Hughes. 1:00 of 3rd period - Shot Blocked by Jared Spurgeon. 1:04 of 3rd period - Shot by Jack Hughes. 1:04 of 3rd period - Shot Blocked by Jared Spurgeon. 2:05 of 3rd period - Shot by Justin Danforth. 2:05 of 3rd period - Stopped by Marc-Andre Fleury with a rebound. 2:07 of 3rd period - Shot by Nico Sturm. 2:07 of 3rd period - Shot Blocked by Rasmus Sandin. 2:56 of 3rd period - Icing by Tyler Johnson. 2:57 of 3rd period - Frederick Gaudreau wins face-off versus Ryan Johansen in CALGARY FIREMEN zone. 3:44 of 3rd period - Icing by Jake McCabe. 3:45 of 3rd period - Brett Howden wins face-off versus Reyley Smith in CALGARY FIREMEN zone. 3:50 of 3rd period - Shot by Mason Marchment. 3:50 of 3rd period - Stopped by Linus Ullmark without a rebound. 3:51 of 3rd period - Jack Drury wins face-off versus Jack Hughes in NORTH DAKOTA HAWKS zone. 4:12 of 3rd period - Shot by Jack Hughes. 4:12 of 3rd period - Stopped by Marc-Andre Fleury without a rebound. 4:13 of 3rd period - Ryan Johansen wins face-off versus Nick Suzuki in CALGARY FIREMEN zone. 4:42 of 3rd period - Shot by Ryan Johansen. 4:42 of 3rd period - Stopped by Linus Ullmark without a rebound. 4:43 of 3rd period - Andrew Copp wins face-off versus Jack Hughes in NORTH DAKOTA HAWKS zone. 4:50 of 3rd period - Shot by Mason Marchment. 4:50 of 3rd period - Stopped by Linus Ullmark with a rebound. 5:06 of 3rd period - Shot by Mason Marchment. 5:06 of 3rd period - Deflect By Andrew Copp. 5:06 of 3rd period - Stopped by Linus Ullmark with a rebound. 5:15 of 3rd period - Icing by Ryan Graves. 5:16 of 3rd period - Nick Suzuki wins face-off versus Andrew Copp in CALGARY FIREMEN zone. 5:24 of 3rd period - Icing by Ryan Graves. 5:25 of 3rd period - Andrew Copp wins face-off versus Jake DeBrusk in CALGARY FIREMEN zone. 5:38 of 3rd period - Shot by Cale Makar. 5:38 of 3rd period - Stopped by Marc-Andre Fleury without a rebound. 5:39 of 3rd period - Jack Drury wins face-off versus Jack Hughes in CALGARY FIREMEN zone. 6:14 of 3rd period - Shot by Michael McCarron. 6:14 of 3rd period - Shot Misses the Net. 6:16 of 3rd period - Shot by Jack Drury. 6:16 of 3rd period - Shot Misses the Net. 7:21 of 3rd period - Shot by Nick Suzuki. 7:21 of 3rd period - Shot Misses the Net. 7:38 of 3rd period - Shot by Beck Malenstyn. 7:38 of 3rd period - Shot Misses the Net. 8:07 of 3rd period - Shot by Nico Sturm. 8:07 of 3rd period - Shot Blocked by Martin Fehervary. 8:18 of 3rd period - Martin Fehervary is hit by Ryan Lindgren and loses puck. 8:22 of 3rd period - Minor Penalty to Garnet Hathaway for Interference. 8:23 of 3rd period - Jack Drury wins face-off versus Frederick Gaudreau in NORTH DAKOTA HAWKS zone. 8:34 of 3rd period - Shot by Jack Drury. 8:34 of 3rd period - Stopped by Linus Ullmark without a rebound. 8:35 of 3rd period - Nico Sturm wins face-off versus Jack Drury in NORTH DAKOTA HAWKS zone. 8:48 of 3rd period - Shot by Nico Sturm. 8:48 of 3rd period - Stopped by Marc-Andre Fleury without a rebound. 8:49 of 3rd period - Nick Suzuki wins face-off versus Jack Drury in CALGARY FIREMEN zone. 8:50 of 3rd period - Shot by Nico Sturm. 8:50 of 3rd period - Deflect By Nick Suzuki. 8:50 of 3rd period - Stopped by Marc-Andre Fleury with a rebound. 9:40 of 3rd period - Shot by Jake McCabe. 9:40 of 3rd period - Shot Blocked by Frederick Gaudreau. 9:52 of 3rd period - Shot by Cody Glass. 9:52 of 3rd period - Shot Misses the Net. 9:54 of 3rd period - Shot by Jake McCabe. 9:54 of 3rd period - Stopped by Linus Ullmark without a rebound. 9:55 of 3rd period - Nico Sturm wins face-off versus Cody Glass in NORTH DAKOTA HAWKS zone. 10:00 of 3rd period - Nico Sturm is hit by Mason Marchment and loses puck. 10:05 of 3rd period - Shot by Mason Marchment. 10:05 of 3rd period - Stopped by Linus Ullmark without a rebound. 10:06 of 3rd period - Nico Sturm wins face-off versus Jack Drury in NORTH DAKOTA HAWKS zone. 10:17 of 3rd period - Shot by Jack Drury. 10:17 of 3rd period - Shot Misses the Net. 10:39 of 3rd period - Shot by Nick Suzuki. 10:39 of 3rd period - Shot Hit the Post. 10:47 of 3rd period - Jake McCabe is hit by Nick Suzuki and loses puck. 11:20 of 3rd period - Shot by Isac Lundestrom. 11:20 of 3rd period - Shot Misses the Net. 11:22 of 3rd period - Shot by Ryan Graves. 11:22 of 3rd period - Shot Misses the Net. 11:24 of 3rd period - Shot by Tyler Johnson. 11:24 of 3rd period - Shot Blocked by Cale Makar. 11:47 of 3rd period - Icing by Cale Makar. 11:48 of 3rd period - Nick Suzuki wins face-off versus Jack Drury in NORTH DAKOTA HAWKS zone. 12:08 of 3rd period - Shot by Michael McCarron. 12:08 of 3rd period - Stopped by Linus Ullmark without a rebound. 12:09 of 3rd period - Jack Hughes wins face-off versus Andrew Copp in NORTH DAKOTA HAWKS zone. 12:09 of 3rd period - Jack Hughes is hit by Mason Marchment. 13:01 of 3rd period - Off-side. 13:02 of 3rd period - Nico Sturm wins face-off versus Jack Drury in neutral zone. 13:26 of 3rd period - Minor Penalty to Jack Drury for Hooking. 13:27 of 3rd period - Frederick Gaudreau wins face-off versus Andrew Copp in CALGARY FIREMEN zone. 14:11 of 3rd period - Icing by Reyley Smith. 14:12 of 3rd period - Nick Suzuki wins face-off versus Andrew Copp in NORTH DAKOTA HAWKS zone. 14:57 of 3rd period - Icing by Jason Robertson. 14:58 of 3rd period - Andrew Copp wins face-off versus Frederick Gaudreau in NORTH DAKOTA HAWKS zone. 15:26 of 3rd period - Off-side. 15:27 of 3rd period - Jack Drury wins face-off versus Nick Suzuki in neutral zone. 15:38 of 3rd period - Shot by Yakov Trenin. 15:38 of 3rd period - Shot Misses the Net. 15:58 of 3rd period - Shot by Nick Suzuki. 15:58 of 3rd period - Stopped by Marc-Andre Fleury without a rebound. 15:59 of 3rd period - Jack Hughes wins face-off versus Brett Howden in CALGARY FIREMEN zone. 17:06 of 3rd period - Shot by Ryan Hartman. 17:06 of 3rd period - Stopped by Marc-Andre Fleury without a rebound. 17:07 of 3rd period - Jack Drury wins face-off versus Nick Suzuki in CALGARY FIREMEN zone. 17:12 of 3rd period - Nick Suzuki is hit by Michael McCarron. 17:33 of 3rd period - Shot by Reyley Smith. 17:33 of 3rd period - Stopped by Marc-Andre Fleury without a rebound. 17:34 of 3rd period - Ryan Johansen wins face-off versus Nico Sturm in CALGARY FIREMEN zone. 17:34 of 3rd period - Ryan Johansen is hit by Beck Malenstyn. 17:59 of 3rd period - Beck Malenstyn is hit by Gustav Lindstrom and loses puck. 18:15 of 3rd period - Shot by Tyler Johnson. 18:15 of 3rd period - Stopped by Linus Ullmark without a rebound. 18:16 of 3rd period - Jack Hughes wins face-off versus Jack Drury in NORTH DAKOTA HAWKS zone. 18:16 of 3rd period - Jack Hughes is hit by Yakov Trenin. 18:40 of 3rd period - Shot by Jason Robertson. 18:40 of 3rd period - Shot Misses the Net. 18:42 of 3rd period - Shot by Jonas Siegenthaler. 18:42 of 3rd period - Goal by Jonas Siegenthaler - NORTH DAKOTA HAWKS : 1 - CALGARY FIREMEN : 2. 18:43 of 3rd period - Nick Suzuki wins face-off versus Calle Jarnkrok in neutral zone. 19:01 of 3rd period - NORTH DAKOTA HAWKS, Linus Ullmark is pulled from the net. 19:03 of 3rd period - Shot by Reyley Smith. 19:03 of 3rd period - Shot Blocked by Jake McCabe. 19:05 of 3rd period - Shot by Nick Suzuki. 19:05 of 3rd period - Stopped by Marc-Andre Fleury without a rebound. 19:06 of 3rd period - Calle Jarnkrok wins face-off versus Jack Hughes in CALGARY FIREMEN zone. 19:08 of 3rd period - Icing by Andrew Copp. 19:09 of 3rd period - Andrew Copp wins face-off versus Jack Hughes in CALGARY FIREMEN zone. 19:28 of 3rd period - Shot by Andrew Copp. 19:28 of 3rd period - Goal by Andrew Copp - NORTH DAKOTA HAWKS : 1 - CALGARY FIREMEN : 3. 19:28 of 3rd period - Linus Ullmark from NORTH DAKOTA HAWKS was sent back in the game. 19:29 of 3rd period - Jack Drury wins face-off versus Nick Suzuki in neutral zone. 19:37 of 3rd period - Minor Penalty to Michael McCarron for Tripping. 19:38 of 3rd period - Jack Drury wins face-off versus Nick Suzuki in CALGARY FIREMEN zone. 19:51 of 3rd period - Shot by Nick Suzuki. 19:51 of 3rd period - Deflect By Reyley Smith. 19:51 of 3rd period - Stopped by Marc-Andre Fleury without a rebound. 19:52 of 3rd period - Frederick Gaudreau wins face-off versus Jack Drury in CALGARY FIREMEN zone. Goals for this period are 1 for NORTH DAKOTA HAWKS vs 1 for CALGARY FIREMEN. Shots for this period are 11 for NORTH DAKOTA HAWKS vs 10 for CALGARY FIREMEN. 0:00 - Icing by Cale Makar. Back to the Top |
![]() |
![]() |
![]() |
MATTHEW TKACHUK |
TOM WILSON |
JAKE GUENTZEL |